 Seeded DCSS version 0.29.1-13-g9f3cf754e1 (webtiles) character file.

Game seed: 16245865983455551772 (custom seed)

4 OTABOTABOTAB the Conjurer (level 1, 14/14 HPs)
             Began as a Draconian Conjurer on Jan 24, 2023.
             Quit the game on level 1 of the Dungeon.
             The game lasted 00:01:28 (315 turns).

OTABOTABOTAB the Conjurer (Draconian Conjurer)       Turns: 315, Time: 00:01:29

Health: 14/14      AC:  4    Str:  9    XL:     1   Next: 50%
Magic:  2/3        EV: 12    Int: 18    God:
Gold:   1296       SH:  0    Dex:  9    Spells: 3/4 levels left

rFire   . . .      SeeInvis .   d - staff of conjuration
rCold   . . .      Faith    .   (no shield)
rNeg    . . .      Spirit   .   (body armour unavailable)
rPois   .          Reflect  .   (helmet restricted)
rElec   .          Harm     .   (no cloak)
rCorr   .          Rampage  .   (no gloves)
Will    .....                   (no boots)
Stlth   ++........              (no amulet)
HPRegen 0.04/turn               (no ring)
MPRegen 0.08/turn               (no ring)

@: no status effects
A: AC +4, unfitting armour, cold-blooded
a: no special abilities


You were on level 1 of the Dungeon.
You visited 1 branch of the dungeon, and saw 1 of its levels.

You collected 1296 gold pieces.

Inventory:

Missiles
 s - 6 stones
Magical Staves
 d - a staff of conjuration (weapon)
   (You acquired it on level 1 of the Dungeon)
Potions
 M - a potion of magic


   Skills:
 + Level 1.8 Dodging
 + Level 1.9 Stealth
 + Level 2.0 Spellcasting
 + Level 4.0 Conjurations


You had 3 spell levels left.
You knew the following spells:

 Your Spells              Type           Power      Damage    Failure   Level
a - Magic Dart            Conj           96%        1d7       3%          1

Your spell library contained the following spells:

 Spells                   Type           Power      Damage    Failure   Level
 Searing Ray              Conj           48%        2d6       5%          2
 Dazzling Flash           Conj/Hex       26%        N/A       24%         3
 Fulminant Prism          Conj/Hex       6%         3d7       61%         4
 Iskenderun's Mystic Bla  Conj/Tloc      13%        2d5       61%         4


Dungeon Overview and Level Annotations

Branches:
Dungeon (1/15)

Altars:


Innate Abilities, Weirdness & Mutations

Your plain brown scales are hard. (AC +4)
You cannot fit into any form of body armour.
You are cold-blooded and may be slowed by cold attacks.


Message History

a - a +0 sling
a - a +0 sling (weapon)
Found an escape hatch in the floor.
Found an escape hatch in the floor.
You see here a +0 dagger.
A goblin comes into view. It is wielding a +0 dagger.
You are now empty-handed.
A quokka comes into view.
Unknown command.
Unknown command.
Aim: a goblin, wielding a +0 dagger (100% to hit)
The magic dart hits the goblin.
The quokka misses you. The goblin barely misses you. The quokka misses you.
You now have 2/3 mp.
Aim: a goblin, wielding a +0 dagger (severely wounded, 100% to hit)
The magic dart hits the goblin.
You kill the goblin!
The quokka bites you but does no damage.
You now have 1/3 mp.
Aim: a quokka (100% to hit)
The magic dart hits the quokka but does no damage.
The quokka misses you.
You now have 0/3 mp.
You don't have enough magic to cast this spell.
You don't have enough magic to cast this spell.
You barely miss the quokka.
The quokka bites you but does no damage.
You hit the quokka but do no damage. The quokka completely misses you.
You closely miss the quokka.
The quokka bites you but does no damage.
The quokka closely misses you.
You completely miss the quokka. The quokka bites you.
You take 1 damage, and have 13/14 hp.
You barely miss the quokka. The quokka closely misses you.
You hit the quokka but do no damage.
The quokka twitches its whiskers.
The quokka bites you but does no damage.
You hit the quokka but do no damage. The quokka misses you.
You closely miss the quokka. You tail-slap the quokka.
The quokka closely misses you. x2
You completely miss the quokka.
Your tail-slap misses the quokka.
The quokka closely misses you.
You closely miss the quokka. The quokka misses you.
You hit the quokka but do no damage.
The quokka bites you but does no damage.
You miss the quokka. You tail-slap the quokka. The quokka barely misses you.
You closely miss the quokka.
You tail-slap the quokka, but do no damage.
The quokka barely misses you. The quokka bites you.
You take 2 damage, and have 11/14 hp.
Aim: a quokka (severely wounded, 100% to hit)
The magic dart hits the quokka.
The quokka misses you.
You now have 0/3 mp.
You completely miss the quokka.
The quokka bites you but does no damage.
You closely miss the quokka. The quokka bites you.
You take 2 damage, and have 9/14 hp.
You closely miss the quokka.
Your tail-slap misses the quokka.
The quokka bites you but does no damage.
You closely miss the quokka.
The quokka bites you but does no damage.
The quokka misses you.
You hit the quokka but do no damage. The quokka closely misses you.
You miss the quokka. The quokka bites you.
You take 4 damage, and have 6/14 hp.
MASSIVE DAMAGE!!
You hit the quokka but do no damage. The quokka barely misses you.
You hit the quokka.
You kill the quokka!
You start resting.
Health restored: 14; MP restored: 3
b - a +0 dagger
s - 6 stones
c - a +0 dagger A ball python comes into view.
An endoplasm comes into view.
The magic dart hits the endoplasm.
The endoplasm quivers.
You now have 2/3 mp.
The magic dart hits the endoplasm.
You kill the endoplasm!
You now have 1/3 mp.
No target in view!
No target in view!
d - 3 scrolls labelled WAC GOIFOFITOUPLEC This is a scroll of acquirement!
Something appears at your feet!
You now have 658 gold pieces.
Something appears at your feet!
You now have 1296 gold pieces (gained 638).
Something appears at your feet!
d - a staff of conjuration
a - a +0 sling (weapon)
d - a staff of conjuration (weapon)
You drop a +0 sling.
You drop a +0 dagger. x2
You aren't carrying any pieces of jewellery.
You have 1296 gold pieces.
Unknown command.

# .# #.#
######..###
#.@........
.......#..#.....
#.##...#..# ...
#...###.## #
#...#.#..# ...#
#..##.##.## ....
#..#...#..#
....#
#.##...##.##
....#
#.....#..#.....#


There were no monsters in sight!

Vanquished Creatures
  An endoplasm (D:1)
  A goblin (D:1)
  A quokka (D:1)
3 creatures vanquished.

Notes
Turn   | Place    | Note
-------+----------+-------------------------------------------
     0 | D:1      | OTABOTABOTAB the Draconian Conjurer began the quest for the
                  | Orb.
     0 | D:1      | Reached XP level 1. HP: 14/14 MP: 3/3
   304 | D:1      | Identified 3 scrolls of acquirement
   304 | D:1      | Acquired 658 gold pieces
   306 | D:1      | Acquired 638 gold pieces
   308 | D:1      | Acquired a staff of conjuration
   315 | D:1      | Quit the game

Illustrated notes

Levels and vault maps discovered:
D:1:      minmay_arrival_hallway, layout_loops_corners, basic_ecumenical_altar,
          minmay_unequal

Action                   || total
-------------------------++-------
Melee: Unarmed           ||    21
       Tailslap          ||     3
 Cast: Magic Dart        ||     6
  Use: Scroll            ||     3
Armor: Skin              ||     8
Dodge: Dodged            ||    18

Table legend: (Time is in decaauts)
 A = Elapsed time spent in this place.
 B = Non-inter-level travel time spent in this place.
 C = Inter-level travel time spent in this place.
 D = Time resting spent in this place.
 E = Time spent auto-exploring this place.
 F = Levels seen in this place.
 G = Mean time per level.
                   A        B        C        D        E       F      G
               +--------+--------+--------+--------+--------+-----+--------+
         Total |    312 |    312 |      0 |    194 |     53 |   1 |  312.0 |
       Dungeon |    312 |    312 |      0 |    194 |     53 |   1 |  312.0 |
               +--------+--------+--------+--------+--------+-----+--------+

Top non-repeatable levels by time:
     D:1: 312 daAuts

Table legend:
 A = Kills in this place as a percentage of kills in entire the game.
 B = Kills by you in this place as a percentage of kills by you in the entire game.
 C = Kills by friends in this place as a percentage of kills by friends in the entire game.
 D = Other kills in this place as a percentage of other kills in the entire game.
 E = Experience gained in this place as a percentage of experience gained in the entire game.
 F = Experience gained in this place divided by the number of levels of this place that you have seen.
                   A       B       C       D       E      F
               +-------+-------+-------+-------+-------+----------------------
         Total | 100.0 | 100.0 |   N/A |   N/A | 100.0 |   6.0
       Dungeon | 100.0 | 100.0 |   N/A |   N/A | 100.0 |   6.0
               +-------+-------+-------+-------+-------+----------------------
